 Dungeon Sprint DCSS version 0.30-a0-1157-g2cc9ac7196 (webtiles) character file.

Game seed: 11348065749139853011

0 BigDaddyOpFi the Firebug (level 1, 0/14 HPs)
             Began as a Draconian Fire Elementalist on Apr 24, 2023.
             Slain by an acid dragon (8 damage)
             ... in the Dungeon (Sprint VII: "The Pits").
             The game lasted 00:00:04 (16 turns).

BigDaddyOpFi the Firebug (DrFE)                       Turns: 16, Time: 00:00:05

Health: 0/14       AC:  4    Str: 10    XL:     1   Next: 0%
Magic:  0/3        EV: 12    Int: 15    God:
Gold:   0          SH:  0    Dex: 11    Spells: 3/4 levels left

rFire   . . .        (no weapon)
rCold   . . .        (no shield)
rNeg    . . .        (body armour unavailable)
rPois   .            (helmet restricted)
rElec   .            (no cloak)
rCorr   .            (no gloves)
SInv    .            (no boots)
Will    .....        (no amulet)
Stlth   ++           (no ring)
HPRegen 0.22/turn    (no ring)
MPRegen 0.08/turn

%: no teleportation
@: no status effects
A: AC +4, unfitting armour, cold-blooded
a: no special abilities


You were in the Dungeon.
You visited 1 branch

Inventory:

Scrolls
 f - a scroll of blinking
Potions
 a - 3 potions of magic
 b - a potion of curing
 c - a potion of heal wounds
 d - a potion of haste
 e - a potion of berserk rage


   Skills:
 + Level 1.7 Dodging
 + Level 1.7 Stealth
 + Level 2.0 Spellcasting
 + Level 1.0 Conjurations
 + Level 3.0 Fire Magic


You had 3 spell levels left.
You knew the following spells:

 Your Spells              Type           Power      Damage    Failure   Level
a - Foxfire               Conj/Fire      28%        2x1d5     10%         1

Your spell library contained the following spells:

 Spells                   Type           Power      Damage    Failure   Level
 Scorch                   Fire           20%        2d6       10%         2
 Inner Flame              Hex/Fire       6%         N/A       34%         3
 Volatile Blastmotes      Fire/Tloc      12%        2d11      34%         3
 Flame Wave               Conj/Fire      7%         2d5       67%         4


Dungeon Overview and Level Annotations

Branches:
Dungeon (1/1)

Altars:


Innate Abilities, Weirdness & Mutations

Your plain brown scales are hard. (AC +4)
You cannot fit into any form of body armour.
You are cold-blooded and may be slowed by cold attacks.


Message History

Options error: Option 'type' is disabled in this build. (/crawl-master/crawl-git/saves/prefs/start-BigDaddyOpFi-ns.prf:0) Options error: Option 'name' is disabled in this build. (/crawl-master/crawl-git/saves/prefs/start-BigDaddyOpFi-ns.prf:1) Welcome, BigDaddyOpFi the Draconian Fire Elementalist.
Press ? for a list of commands and other information.
Found a staircase leading out of the dungeon.
You open the door.
There is an open door to the Entrance Hall (Safe) here.
As you open the huge gate, it creaks loudly!
An acid dragon and a spriggan come into view.
The acid dragon roars!
There are monsters nearby!
There are monsters nearby!
There are monsters nearby!
You conjure some foxfire!
The spriggan shouts!
You conjure some foxfire!
You conjure some foxfire!
The foxfire hits the acid dragon but does no damage. x2
The foxfire hits the acid dragon.
The acid dragon is lightly wounded.
The foxfire hits the acid dragon.
The acid dragon is lightly wounded.
The foxfire hits the spriggan.
The spriggan is moderately wounded.
You are out of magic!
You hit the spriggan but do no damage.
The spriggan is moderately wounded.
The foxfire hits the spriggan.
The spriggan is moderately wounded.
The spriggan hits you with a +0 dagger.
Okay, then.
You barely miss the spriggan.
The spriggan is moderately wounded.
The spriggan closely misses you. The acid dragon bites you!
Ouch! That really hurt!
You die...

##########++######
#................#
#......#..#......#
#................+
+................+
#......#.ยง#......#
#.........@......#
####'#####iD######
#.......##''#
#.......##...
#.......##....
#...<...##.....
#.......##...###
#.......##..##
#.......#


You could see an acid dragon and a spriggan.

Vanquished Creatures (others)
  5 foxfires (D)
5 creatures vanquished.

Notes
Turn   | Place    | Note
-------+----------+-------------------------------------------
     0 | D        | BigDaddyOpFi the Draconian Fire Elementalist began the
                  | quest for the Orb.
     0 | D        | Reached XP level 1. HP: 14/14 MP: 3/3
    11 | D        | Noticed an acid dragon
    11 | D        | Noticed a spriggan
    16 | D        | Slain by an acid dragon

Illustrated notes

Levels and vault maps discovered:
D:        pitsprint [storerooms_1, entrance_room_1, metal_vault_4, armoury_2,
          mini_pit_1, grid_room_1, main_hall_1, silver_pit, the_coven_3,
          the_vestibule_1, steel_vault_2, golden_pit, hallway_of_sentries,
          crystal_vault_1, iron_vault_2, final_vault]

Action                     || total
---------------------------++-------
  Melee: Unarmed           ||     2
   Cast: Foxfire           ||     3
  Dodge: Dodged            ||     1

Table legend: (Time is in decaauts)
 A = Elapsed time spent in this place.
 B = Non-inter-level travel time spent in this place.
 C = Inter-level travel time spent in this place.
 D = Time resting spent in this place.
 E = Time spent auto-exploring this place.
 F = Levels seen in this place.
 G = Mean time per level.
                   A        B        C        D        E       F      G
               +--------+--------+--------+--------+--------+-----+--------+
         Total |     16 |     16 |      0 |      0 |     11 |   1 |   16.0 |
       Dungeon |     16 |     16 |      0 |      0 |     11 |   1 |   16.0 |
               +--------+--------+--------+--------+--------+-----+--------+

Top non-repeatable levels by time:
       D: 16 daAuts
